 Dungeon Sprint DCSS version 0.27-a0-633-gc6addc0a40 (webtiles) character file.

Game seed: 11395196661002044531

43 mhtbhm the Cudgeller (level 3, -1/33 HPs)
             Began as a Human Berserker on Mar 13, 2021.
             Was a Priest of Trog.
             Succumbed to a worker ant's poison
             ... in the Dungeon (Sprint IX: "|||||||||||||||||||||||||||||").
             The game lasted 00:00:16 (88 turns).

mhtbhm the Cudgeller (Human Berserker)                Turns: 88, Time: 00:00:16

Health: -1/33      AC:  2    Str: 18    XL:     3   Next: 82%
Magic:  3/3        EV: 12    Int:  7    God:    Trog [***...]
Gold:   0          SH:  0    Dex: 12    Spells: 2/2 levels left

rFire    . . .     SeeInvis .   a - +0 mace
rCold    . . .     Faith    .   (no shield)
rNeg     . . .     Spirit   .   b - +0 animal skin
rPois    .         Reflect  .   (no helmet)
rElec    .         Harm     .   (no cloak)
rCorr    .         Rampage  .   (no gloves)
Will     .....     NoTele   +   (no boots)
Stlth    +.........             (no amulet)
HPRegen  0.11/turn              (no ring)
MPRegen  0.08/turn              (no ring)

@: lethally poisoned (-1 -> -12), berserk cooldown, slowed, very slow
A: no striking features
a: Renounce Religion, Berserk, Trog's Hand


You were in the Dungeon.
You worshipped Trog.
Trog was most pleased with you.
You visited 1 branch

Inventory:

Hand Weapons
 a - a +0 mace (weapon)
Armour
 b - a +0 animal skin (worn)
Scrolls
 h - a scroll of blinking
Potions
 e - a potion of haste
 f - 2 potions of magic
 g - a potion of berserk rage


   Skills:
 + Level 5.1 Fighting
 + Level 5.3 Maces & Flails
 + Level 2.8 Armour
 + Level 2.9 Dodging


You had 2 spell levels left.
You didn't know any spells.
Your spell library was empty.

Dungeon Overview and Level Annotations

Branches:
Dungeon (1/1)

Altars:


Message History

The white imp gestures at you. The puff of frost hits you!
Unknown command.
You closely miss the white imp.
The white imp is severely wounded.
The white imp gestures at you. The puff of frost hits you!
The white imp hits you.
* * * LOW HITPOINT WARNING * * *
The white imp freezes you.
* * * LOW HITPOINT WARNING * * *
You hit the white imp.
You kill the white imp!
Trog accepts your kill. The worker ant bites you.
* * * LOW HITPOINT WARNING * * *
You are lethally poisoned!
The worker ant poisons you! The worker ant misses you.
Your Fighting skill increases to level 5!
Unknown command.
You feel better. The worker ant bites you.
* * * LOW HITPOINT WARNING * * *
Unknown command.
You feel much better. The worker ant bites you. x2
You are poisoned.
The worker ant poisons you!
You sock the worker ant!
The worker ant is severely wounded.
You feel sick. The worker ant bites you. x2
* * * LOW HITPOINT WARNING * * *
You are lethally poisoned!
The worker ant poisons you!
You hit the worker ant.
The worker ant is almost dead.
* * * LOW HITPOINT WARNING * * *
You feel sick. The worker ant misses you. The worker ant bites you.
* * * LOW HITPOINT WARNING * * *
You hit the worker ant.
You kill the worker ant!
Trog accepts your kill.
You die... ▓▓▓▓▓▓▓▓▓▓▓▓▓▓▓▓▓▓ +..Z†@'....)'...<▓ ▓▓▓▓▓▓▓▓▓▓▓▓▓▓▓▓▓▓

You could see an adder skeleton.

Vanquished Creatures
  2 worker ants (D)
  A white imp (D)
  An ooze (D)
  A dart slug (D)
  A goblin (D)
  A jackal (D)
  A quokka (D)
  A kobold (D)
9 creatures vanquished.

Notes
Turn   | Place    | Note
-------+----------+-------------------------------------------
     0 | D        | mhtbhm the Human Berserker began the quest for the Orb.
     0 | D        | Reached XP level 1. HP: 18/18 MP: 1/1
     1 | D        | Banished a spatial maelstrom
    10 | D        | Reached ** piety under Trog
    14 | D        | Reached XP level 2. HP: 25/25 MP: 2/2
    72 | D        | Reached *** piety under Trog
    73 | D        | Reached skill level 5 in Maces & Flails
    73 | D        | Reached XP level 3. HP: 32/32 MP: 3/3
    84 | D        | Reached skill level 5 in Fighting
    87 | D        | HP: 1/33 [worker ant (4)]
    88 | D        | Succumbed to a worker ant's poison

Illustrated notes

Levels and vault maps discovered:
D:        linesprint [early_d, line_temple, items_1, d_10, items_2, lair_1,
          lair_end, items_3, orc_1, orc_end, items_4, d_15, swamp_1, shoals_1,
          snake_1, spider_1, d_20, vaults_1, items_5, swamp_end, shoals_end,
          snake_end, spider_end, vaults_end, d_27, items_6, zot_1, zot_end,
          crypt_end, forest_end, elf_end, slime_end, tomb_end, abyss_end,
          pan_hell_end]

Skill      XL: |  1  2  3 |
---------------+----------+-----
Fighting       | 4 5 |  5.1
Maces & Flails | 4 5 |  5.3
Armour         | |  2.8
Dodging        | |  2.9

Action                   || total
-------------------------++-------
Melee: Mace              ||    33
Invok: Berserk           ||     2
  Use: Potion            ||     2
Armor: Animal skin       ||     3
Dodge: Dodged            ||    18

Table legend: (Time is in decaauts)
 A = Elapsed time spent in this place.
 B = Non-inter-level travel time spent in this place.
 C = Inter-level travel time spent in this place.
 D = Time resting spent in this place.
 E = Time spent auto-exploring this place.
 F = Levels seen in this place.
 G = Mean time per level.
                   A        B        C        D        E       F      G
               +--------+--------+--------+--------+--------+-----+--------+
         Total |     99 |     99 |      0 |     51 |      0 |   1 |   99.0 |
       Dungeon |     99 |     99 |      0 |     51 |      0 |   1 |   99.0 |
               +--------+--------+--------+--------+--------+-----+--------+

Top non-repeatable levels by time:
       D: 99 daAuts
